Wild vs Bears

Created - Thursday, January 28, 2016 at 00:32

Goals
1 2 3 OT1 SO T
Wild 0 0 1 0 1 2
Bears 0 1 0 0 0 1
Shots
1 2 3 OT1 SO T
Wild 4 9 15 1 3 29
Bears 8 14 12 4 3 38

1st period

No Goal

Penalties :
Tyler Brown (Her) for Hooking (Minor) at 6:00

2nd period

1. Bears , Tyler Brown 2 (Jeremy Langlois) at 1:24 (PP)

Penalties :
David Wolf (IOW) for Cross-checking (Minor) at 1:18, Justin Florek (Her) for Fighting (Major) at 1:25, Shane O'Brien (IOW) for Fighting (Major) at 1:25, Matt Carkner (Her) for Fighting (Major) at 2:56, Jon Landry (IOW) for Fighting (Major) at 2:56, David Dziurzynski (Her) for Tripping (Minor) at 5:03, Greg Miller (Her) for Fighting (Major) at 11:00, Jani Hakanpaa (IOW) for Fighting (Major) at 11:00, David Wolf (IOW) for Tripping (Minor) at 14:33

3rd period

2. Wild , Alex Friesen 6 (Anthony Camara, Steve Eminger) at 5:15

Penalties :
Justin Florek (Her) for Fighting (Major) at 1:10, Jani Hakanpaa (IOW) for Fighting (Major) at 1:10, Patrick Holland (Her) for Fighting (Major) at 2:21, Shane O'Brien (IOW) for Fighting (Major) at 2:21, Greg Miller (Her) for Fighting (Major) at 6:26, Mike Moore (IOW) for Fighting (Major) at 6:26, Cam Janssen (IOW) for Tripping (Minor) at 8:02, Brandon Burlon (Her) for Fighting (Major) at 10:44, Shane O'Brien (IOW) for Fighting (Major / Game Misconduct) at 10:44, Brandon Burlon (Her) for instigated a fight (Minor) at 10:44, Brandon Burlon (Her) for instigated a fight (10 Minutes Misconduct) at 10:44, Matt Carkner (Her) for Fighting (Major) at 14:09, Jani Hakanpaa (IOW) for Fighting (Major / Game Misconduct) at 14:09, Greg Miller (Her) for Fighting (Major / Game Misconduct) at 14:20, Mike Moore (IOW) for Fighting (Major) at 14:20, Colin Stuart (IOW) for Roughing (Minor) at 16:15, David Dziurzynski (Her) for Fighting (Major) at 17:48, Jon Landry (IOW) for Fighting (Major) at 17:48, Stefan Matteau (Her) for Fighting (Major) at 18:48, Steve Eminger (IOW) for Fighting (Major) at 18:48

Overtime #1

No Goal

Penalties :
No Penalty

Shootout

Penalty Shot by Colin Stuart for Wild - Stopped by Patrik Bartosak
Penalty Shot by Stefan Matteau for Bears - Stopped by Jordan Binnington
Penalty Shot by Mark Van Guilder for Wild - Shot Misses the Net
Penalty Shot by Justin Florek for Bears - Stopped by Jordan Binnington
Penalty Shot by Micheal Haley for Wild - Goal!
Penalty Shot by Jeremy Langlois for Bears - Stopped by Jordan Binnington

Penalties :
No Penalty

Goalie Stats

Jordan Binnington (IOW), 37 saves from 38 shots - (0.974), W, 21-10-10, 65:00 minutes
Patrik Bartosak (Her), 28 saves from 29 shots - (0.966), OTL, 4-1-2, 65:00 minutes

Players Stats for Wild

Player Name              G  A  P  +/- PIM S  H  SB GA TA FO     MP     PP MP  PK MP  
------------------------------------------------------------------------------------
Alex Friesen             1  0  1   1  0   3  1  0  1  2  5/9    16:30   0:00   0:00 
Anthony Camara           0  1  1   1  0   2  2  0  0  1  1/2    16:11   0:00   0:52 
Cam Janssen              0  0  0   0  2   0  0  0  0  0  1/1     8:50   0:00   0:00 
Chris Summers            0  0  0   0  0   6  1  9  3  2  0/0    30:47   4:27   2:55 
Colin Stuart             0  0  0   0  2   3  0  2  6  0  4/11   25:39   3:16   3:12 
Dan Catenacci            0  0  0   0  0   0  1  2  4  0  1/2    20:34   2:41   0:22 
Danny Hobbs              0  0  0   0  0   0  0  0  0  0  0/0     0:24   0:00   0:00 
David Wolf               0  0  0   0  4   0  5  1  2  0  7/14   19:27   2:41   0:00 
Francis Wathier          0  0  0   1  0   0  5  0  2  1  0/0    15:23   0:00   0:00 
Jani Hakanpaa            0  0  0   0  25  3  1  0  1  2  0/0    14:31   1:11   0:03 
Jerome Leduc             0  0  0   0  0   1  2  3  0  1  0/0    12:11   0:00   0:00 
Jon Landry               0  0  0   1  10  1  1  2  0  1  0/0    19:55   1:05   1:09 
Mark Van Guilder         0  0  0   0  0   1  1  0  0  0  9/25   24:14   3:16   3:12 
Michael Keranen          0  0  0   0  0   3  1  0  0  0  0/0    17:49   2:41   0:00 
Micheal Haley            0  0  0   0  0   1  2  0  3  1  0/0    21:15   3:16   0:30 
Mike Moore               0  0  0   0  10  2  0  3  0  2  0/0    17:49   1:41   0:00 
Shane O'Brien            0  0  0   0  25  2  1  1  1  0  0/0    14:05   2:00   2:55 
Steve Eminger            0  1  1   1  5   1  2  1  1  0  0/0    20:51   1:30   1:09 

Players Stats for Bears

Player Name              G  A  P  +/- PIM S  H  SB GA TA FO     MP     PP MP  PK MP  
------------------------------------------------------------------------------------
Andreas Athanasiou       0  0  0  -1  0   7  1  0  6  1  4/7    14:52   0:00   0:00 
Ben Youds                0  0  0   0  0   3  1  0  3  1  0/0    17:53   0:00   0:00 
Brad Mills               0  0  0   0  0   0  1  1  0  1  1/1    13:42   0:00   0:43 
Brandon Burlon           0  0  0  -1  17  2  2  0  2  0  0/0    22:15   2:02   2:26 
Chris Bruton             0  0  0   0  0   0  0  0  0  0  2/6     7:53   0:00   0:00 
David Dziurzynski        0  0  0  -1  7   2  1  2  3  0  0/1    16:33   0:00   0:00 
Eric Neilson             0  0  0   0  0   0  0  0  1  0  0/0     7:53   0:00   0:00 
Greg Miller              0  0  0   0  25  0  1  0  1  0  3/4    10:20   0:00   1:29 
Jeremy Langlois          0  1  1   0  0   8  0  0  2  0  1/2    19:20   2:05   0:50 
Jesse Root               0  0  0  -1  0   0  2  0  0  1  5/12   16:32   1:59   0:00 
Justin Florek            0  0  0   0  10  5  4  2  4  1  1/2    19:02   1:59   3:46 
Kyle Cumiskey            0  0  0   0  0   5  0  0  1  2  0/0    23:44   2:02   1:32 
Matt Carkner             0  0  0   0  10  0  0  0  0  3  0/0    18:51   2:02   0:57 
Nathan McIver            0  0  0   0  0   0  5  1  0  2  0/0    16:59   0:00   2:34 
Patrick Holland          0  0  0   0  5   0  1  1  0  0  1/1    13:49   1:59   0:00 
Philip Samuelsson        0  0  0  -1  0   3  1  0  0  2  0/0    30:13   2:02   4:25 
Stefan Matteau           0  0  0   0  5   1  2  0  1  1  3/7    22:55   2:05   4:24 
Tyler Brown              1  0  1   0  2   2  2  0  1  0  15/21  22:02   2:05   1:13 

3 Stars

1 - Jordan Binnington (IOW)
2 - Patrik Bartosak (Her)
3 - Alex Friesen (IOW)

Power Play

Wild - 0 on 3 Attempt(s) - 0.00%
Bears - 1 on 4 Attempt(s) - 25.00%

Penalty Kill

Wild - 3 on 4 Attempt(s) - 75.00% - Score 0 goal in Penalty Kill
Bears - 3 on 3 Attempt(s) - 100.00% - Score 0 goal in Penalty Kill

Team Stat

Wild - Hits : 26 - Faceoff Wins : 28 - Blocked Shots : 24 - Penalty Minutes : 83
Bears - Hits : 24 - Faceoff Wins : 36 - Blocked Shots : 7 - Penalty Minutes : 81

Official

Referees : Unknown
Linesman : Unknown

Game Notes

Danny Hobbs is injured at 1:56 of 1st period (Right Knee)
Justin Florek and Shane O'Brien fight to a draw at 1:25 of 2nd period
Matt Carkner and Jon Landry fight to a draw at 2:56 of 2nd period
Greg Miller and Jani Hakanpaa fight to a draw at 11:00 of 2nd period
Jani Hakanpaa beats up Justin Florek at 1:10 of 3rd period
Patrick Holland beats up Shane O'Brien at 2:21 of 3rd period
Mike Moore beats up Greg Miller at 6:26 of 3rd period
Shane O'Brien beats up Brandon Burlon at 10:44 of 3rd period
Shane O'Brien ejected from game at 10:44 of 3rd period
Matt Carkner beats up Jani Hakanpaa at 14:09 of 3rd period
Jani Hakanpaa ejected from game at 14:09 of 3rd period
Mike Moore beats up Greg Miller at 14:20 of 3rd period
Greg Miller ejected from game at 14:20 of 3rd period
David Dziurzynski and Jon Landry fight to a draw at 17:48 of 3rd period
Stefan Matteau beats up Steve Eminger at 18:48 of 3rd period

Finance

Level 1 -- Attendance: 1397 (69.85%) -- Ticket Income $48,895
Level 2 -- Attendance: 728 (72.80%) -- Ticket Income $10,920
Total Attendance: 2125 (70.83%)
Total Ticket Income: $59,815
Other Income: $29,309
Total Income: $89,124

Wild

5 vs 5 Forward 
   Center                   Left Wing                Right Wing               Time % Phy DF OF 
 1 Mark Van Guilder         Colin Stuart             Micheal Haley            35     1   2  2  
 2 David Wolf               Dan Catenacci            Michael Keranen          30     1   2  2  
 3 Alex Friesen             Francis Wathier          Danny Hobbs              22     1   2  2  
 4 Colin Stuart             Anthony Camara           Cam Janssen              13     1   2  2  

5 vs 5 Defense 
   Defense                  Defense                                           Time % Phy DF OF 
 1 Chris Summers            Shane O'Brien                                     35     1   2  2  
 2 Steve Eminger            Jon Landry                                        30     1   2  2  
 3 Jani Hakanpaa            Mike Moore                                        22     1   2  2  
 4 Jerome Leduc             Chris Summers                                     13     1   2  2  

PowerPlay Forward 
   Center                   Left Wing                Right Wing               Time % Phy DF OF 
 1 Mark Van Guilder         Colin Stuart             Micheal Haley            60     1   2  2  
 2 David Wolf               Dan Catenacci            Michael Keranen          40     1   2  2  

PowerPlay Defense
   Defense                  Defense                                           Time % Phy DF OF 
 1 Chris Summers            Shane O'Brien                                     60     1   2  2  
 2 Steve Eminger            Jon Landry                                        40     1   2  2  

Penalty Kill 4 Players Forward 
   Center                   Wing                     Time % Phy DF OF 
 1 Colin Stuart             Mark Van Guilder         60     1   2  2  
 2 Micheal Haley            David Wolf               40     1   2  2  

Penalty Kill 4 Players Defense
   Defense                  Defense                  Time % Phy DF OF 
 1 Chris Summers            Shane O'Brien            60     1   2  2  
 2 Steve Eminger            Jon Landry               40     1   2  2  

Penalty Kill - 3 Players Forward 
   Forward                                           Time % Phy DF OF 
 1 Colin Stuart                                      60     1   2  2  
 2 Mark Van Guilder                                  40     1   2  2  

Penalty Kill - 3 Players Defense
   Defense                  Defense                  Time % Phy DF OF 
 1 Chris Summers            Shane O'Brien            60     1   2  2  
 2 Steve Eminger            Jon Landry               40     1   2  2  

4 vs 4 Forward 
   Center                   Wing                     Time % Phy DF OF 
 1 Colin Stuart             Mark Van Guilder         60     1   2  2  
 2 Micheal Haley            David Wolf               40     1   2  2  

4 vs 4 Defense
   Defense                  Defense                  Time % Phy DF OF 
 1 Chris Summers            Shane O'Brien            60     1   2  2  
 2 Steve Eminger            Jon Landry               40     1   2  2  

Last Minutes Offensive
   Center                   Left Wing                Right Wing               Defense                  Defense                  
   Mark Van Guilder         Colin Stuart             Micheal Haley            Chris Summers            Shane O'Brien            

Last Minutes Defensive
   Center                   Left Wing                Right Wing               Defense                  Defense                  
   Mark Van Guilder         Colin Stuart             Micheal Haley            Chris Summers            Shane O'Brien            

Goaltenders
Starting : Jordan Binnington        
Backup : Doug Carr                

Extra Forwards
Normal : Alex Friesen, Francis Wathier, Anthony Camara - PP : Alex Friesen, Francis Wathier - PK : Anthony Camara
Extra Defensemen
Normal : Jani Hakanpaa, Mike Moore, Jerome Leduc - PP : Jani Hakanpaa - PK : Mike Moore, Jerome Leduc
Penalty Shots
Colin Stuart, Mark Van Guilder, Micheal Haley, David Wolf, Dan Catenacci

Bears

5 vs 5 Forward 
   Center                   Left Wing                Right Wing               Time % Phy DF OF 
 1 Tyler Brown              Stefan Matteau           Jeremy Langlois          35     1   2  2  
 2 Jesse Root               Justin Florek            Patrick Holland          30     1   2  2  
 3 Greg Miller              David Dziurzynski        Brad Mills               22     1   2  2  
 4 Chris Bruton             Andreas Athanasiou       Eric Neilson             13     1   2  2  

5 vs 5 Defense 
   Defense                  Defense                                           Time % Phy DF OF 
 1 Philip Samuelsson        Brandon Burlon                                    35     1   2  2  
 2 Kyle Cumiskey            Matt Carkner                                      30     1   2  2  
 3 Ben Youds                Nathan McIver                                     22     1   2  2  
 4 Philip Samuelsson        Brandon Burlon                                    13     1   2  2  

PowerPlay Forward 
   Center                   Left Wing                Right Wing               Time % Phy DF OF 
 1 Tyler Brown              Stefan Matteau           Jeremy Langlois          60     1   2  2  
 2 Jesse Root               Justin Florek            Patrick Holland          40     1   2  2  

PowerPlay Defense
   Defense                  Defense                                           Time % Phy DF OF 
 1 Philip Samuelsson        Brandon Burlon                                    60     1   2  2  
 2 Kyle Cumiskey            Matt Carkner                                      40     1   2  2  

Penalty Kill 4 Players Forward 
   Center                   Wing                     Time % Phy DF OF 
 1 Stefan Matteau           Justin Florek            60     1   2  2  
 2 Jeremy Langlois          Tyler Brown              40     1   2  2  

Penalty Kill 4 Players Defense
   Defense                  Defense                  Time % Phy DF OF 
 1 Philip Samuelsson        Brandon Burlon           60     1   2  2  
 2 Kyle Cumiskey            Matt Carkner             40     1   2  2  

Penalty Kill - 3 Players Forward 
   Forward                                           Time % Phy DF OF 
 1 Stefan Matteau                                    60     1   2  2  
 2 Justin Florek                                     40     1   2  2  

Penalty Kill - 3 Players Defense
   Defense                  Defense                  Time % Phy DF OF 
 1 Philip Samuelsson        Brandon Burlon           60     1   2  2  
 2 Kyle Cumiskey            Matt Carkner             40     1   2  2  

4 vs 4 Forward 
   Center                   Wing                     Time % Phy DF OF 
 1 Stefan Matteau           Justin Florek            60     1   2  2  
 2 Jeremy Langlois          Tyler Brown              40     1   2  2  

4 vs 4 Defense
   Defense                  Defense                  Time % Phy DF OF 
 1 Philip Samuelsson        Brandon Burlon           60     1   2  2  
 2 Kyle Cumiskey            Matt Carkner             40     1   2  2  

Last Minutes Offensive
   Center                   Left Wing                Right Wing               Defense                  Defense                  
   Tyler Brown              Stefan Matteau           Jeremy Langlois          Philip Samuelsson        Brandon Burlon           

Last Minutes Defensive
   Center                   Left Wing                Right Wing               Defense                  Defense                  
   Tyler Brown              Stefan Matteau           Jeremy Langlois          Philip Samuelsson        Brandon Burlon           

Goaltenders
Starting : Patrik Bartosak          
Backup : Niklas Svedberg          

Extra Forwards
Normal : David Dziurzynski, Andreas Athanasiou, Greg Miller - PP : David Dziurzynski, Andreas Athanasiou - PK : Greg Miller
Extra Defensemen
Normal : Ben Youds, Nathan McIver, Kyle Cumiskey - PP : Ben Youds - PK : Nathan McIver, Kyle Cumiskey
Penalty Shots
Stefan Matteau, Justin Florek, Jeremy Langlois, Tyler Brown, David Dziurzynski

% Time on Ice - Wild

Lines # - Real PCT - Wanted PCT - Time Play
Normal Forward
1 - 31% - 35% - 15:44
2 - 31% - 30% - 15:35
3 - 28% - 22% - 13:56
4 - 9% - 13% - 4:44
Normal Defense
1 - 33% - 35% - 16:21
2 - 34% - 30% - 16:46
3 - 26% - 22% - 13:01
4 - 8% - 13% - 3:51
PP Forward
1 - 55% - 60% - 3:16
2 - 45% - 40% - 2:41
PP Defense
1 - 75% - 60% - 4:27
2 - 25% - 40% - 1:30
PK Forward
1 - 88% - 60% - 3:34
2 - 12% - 40% - 0:30
PK Defense
1 - 72% - 60% - 2:55
2 - 28% - 40% - 1:09
PK3 Forward
1 - 0% - 60%
2 - 0% - 40%
PK3 Defense
1 - 0% - 60%
2 - 0% - 40%
44 Forward
1 - 83% - 60% - 4:10
2 - 17% - 40% - 0:50
44 Defense
1 - 57% - 60% - 2:50
2 - 43% - 40% - 2:10
Last Minute Offensive  - 0:00
Last Minute Defensive  - 0:00
Total
Forward - 65:00
Defense - 65:00

% Time on Ice - Bears

Lines # - Real PCT - Wanted PCT - Time Play
Normal Forward
1 - 32% - 35% - 16:09
2 - 30% - 30% - 14:59
3 - 22% - 22% - 10:58
4 - 16% - 13% - 7:53
Normal Defense
1 - 34% - 35% - 16:48
2 - 36% - 30% - 17:53
3 - 22% - 22% - 11:10
4 - 8% - 13% - 4:08
PP Forward
1 - 51% - 60% - 2:05
2 - 49% - 40% - 1:59
PP Defense
1 - 50% - 60% - 2:02
2 - 50% - 40% - 2:02
PK Forward
1 - 86% - 60% - 5:07
2 - 14% - 40% - 0:50
PK Defense
1 - 74% - 60% - 4:25
2 - 26% - 40% - 1:32
PK3 Forward
1 - 0% - 60%
2 - 0% - 40%
PK3 Defense
1 - 0% - 60%
2 - 0% - 40%
44 Forward
1 - 100% - 60% - 5:00
2 - 0% - 40% - 0:00
44 Defense
1 - 68% - 60% - 3:23
2 - 32% - 40% - 1:37
Last Minute Offensive  - 0:00
Last Minute Defensive  - 0:00
Total
Forward - 65:00
Defense - 65:00

Play by Play

1st period


0:01 of 1st period - Mark Van Guilder wins face-off versus Tyler Brown in neutral zone.
0:57 of 1st period - Dan Catenacci is hit by Justin Florek and loses puck.
1:02 of 1st period - Slapshot by Kyle Cumiskey.
1:02 of 1st period - Deflect By David Wolf.
1:02 of 1st period - Stopped by Jordan Binnington with a rebound.
1:55 of 1st period - Danny Hobbs is hit by Ben Youds.
1:56 of 1st period - Danny Hobbs from Wild is injured at 1:56 of 1st period (Right Knee).
1:57 of 1st period - Cam Janssen wins face-off versus Chris Bruton in Wild zone.
2:07 of 1st period - Icing by Nathan McIver.
2:08 of 1st period - Chris Bruton wins face-off versus Colin Stuart in Bears zone.
2:26 of 1st period - Snap shot by Mike Moore.
2:26 of 1st period - Stopped by Patrik Bartosak without a rebound.
2:27 of 1st period - Alex Friesen wins face-off versus Tyler Brown in Bears zone.
3:28 of 1st period - Wrist shot by Jesse Root.
3:28 of 1st period - Shot Misses the Net.
3:30 of 1st period - Slapshot by Matt Carkner.
3:30 of 1st period - Shot Blocked by Jerome Leduc.
3:32 of 1st period - Slapshot by Kyle Cumiskey.
3:32 of 1st period - Shot Misses the Net.
3:34 of 1st period - Slapshot by Justin Florek.
3:34 of 1st period - Shot Blocked by Chris Summers.
3:36 of 1st period - Snap shot by Jesse Root.
3:36 of 1st period - Shot Misses the Net.
3:38 of 1st period - Wrist shot by Justin Florek.
3:38 of 1st period - Shot Blocked by Jerome Leduc.
3:40 of 1st period - Backhand shot by Kyle Cumiskey.
3:40 of 1st period - Stopped by Jordan Binnington with a rebound.
3:42 of 1st period - Wrist shot by Kyle Cumiskey.
3:42 of 1st period - Shot Blocked by Chris Summers.
3:44 of 1st period - Snap shot by Patrick Holland.
3:44 of 1st period - Shot Blocked by Dan Catenacci.
5:23 of 1st period - Slapshot by Ben Youds.
5:23 of 1st period - Shot Blocked by Colin Stuart.
5:31 of 1st period - Snap shot by Jani Hakanpaa.
5:31 of 1st period - Stopped by Patrik Bartosak without a rebound.
5:32 of 1st period - Anthony Camara wins face-off versus Tyler Brown in Bears zone.
5:41 of 1st period - Philip Samuelsson is hit by Jani Hakanpaa and loses puck.
6:00 of 1st period - Minor Penalty to Tyler Brown for Hooking.
6:01 of 1st period - Stefan Matteau wins face-off versus Mark Van Guilder in Bears zone.
6:07 of 1st period - Off-side.
6:08 of 1st period - Stefan Matteau wins face-off versus Mark Van Guilder in neutral zone.
6:48 of 1st period - Chris Summers is hit by Justin Florek and loses puck.
7:22 of 1st period - Wrist shot by Justin Florek.
7:22 of 1st period - Stopped by Jordan Binnington without a rebound.
7:23 of 1st period - Mark Van Guilder wins face-off versus Stefan Matteau in Wild zone.
8:00 of 1st period - Penalty to Tyler Brown is over, Tyler Brown is back on ice.
8:05 of 1st period - Icing by Brandon Burlon.
8:06 of 1st period - Greg Miller wins face-off versus Alex Friesen in Bears zone.
8:41 of 1st period - Slapshot by Anthony Camara.
8:41 of 1st period - Shot Misses the Net.
8:59 of 1st period - Ben Youds is hit by David Wolf and loses puck.
9:08 of 1st period - Michael Keranen is hit by Nathan McIver and loses puck.
9:42 of 1st period - Off-side.
9:43 of 1st period - Mark Van Guilder wins face-off versus Jesse Root in neutral zone.
9:50 of 1st period - Slapshot by Mark Van Guilder.
9:50 of 1st period - Stopped by Patrik Bartosak with a rebound.
11:20 of 1st period - Slapshot by Michael Keranen.
11:20 of 1st period - Shot Misses the Net.
11:42 of 1st period - Andreas Athanasiou is hit by Francis Wathier.
12:02 of 1st period - Brandon Burlon is hit by Anthony Camara and loses puck.
12:09 of 1st period - Snap shot by Anthony Camara.
12:09 of 1st period - Deflect By Andreas Athanasiou.
12:09 of 1st period - Stopped by Patrik Bartosak without a rebound.
12:10 of 1st period - Colin Stuart wins face-off versus Jesse Root in Bears zone.
13:58 of 1st period - Dan Catenacci is hit by Nathan McIver and loses puck.
15:12 of 1st period - Slapshot by Jesse Root.
15:12 of 1st period - Shot Misses the Net.
15:41 of 1st period - Jeremy Langlois is hit by Steve Eminger and loses puck.
16:12 of 1st period - Slapshot by Greg Miller.
16:12 of 1st period - Shot Blocked by Mike Moore.
16:14 of 1st period - Slapshot by Brandon Burlon.
16:14 of 1st period - Shot Misses the Net.
16:47 of 1st period - Snap shot by Andreas Athanasiou.
16:47 of 1st period - Stopped by Jordan Binnington with a rebound.
16:49 of 1st period - Snap shot by Andreas Athanasiou.
16:49 of 1st period - Shot Blocked by Mike Moore.
16:51 of 1st period - Backhand shot by Brandon Burlon.
16:51 of 1st period - Stopped by Jordan Binnington with a rebound.
16:56 of 1st period - Wrist shot by Philip Samuelsson.
16:56 of 1st period - Deflect By Andreas Athanasiou.
16:56 of 1st period - Stopped by Jordan Binnington with a rebound.
16:58 of 1st period - Slapshot by Philip Samuelsson.
16:58 of 1st period - Shot Misses the Net.
17:00 of 1st period - Snap shot by Eric Neilson.
17:00 of 1st period - Deflect By Andreas Athanasiou.
17:00 of 1st period - Stopped by Jordan Binnington with a rebound.
17:10 of 1st period - Mike Moore is hit by Tyler Brown and loses puck.
18:17 of 1st period - Philip Samuelsson is hit by Shane O'Brien and loses puck.
18:52 of 1st period - Snap shot by Chris Bruton.
18:52 of 1st period - Shot Blocked by Chris Summers.
18:54 of 1st period - Wrist shot by Ben Youds.
18:54 of 1st period - Stopped by Jordan Binnington with a rebound.
19:18 of 1st period - Snap shot by David Dziurzynski.
19:18 of 1st period - Shot Misses the Net.
19:36 of 1st period - Philip Samuelsson is hit by David Wolf and loses puck.
19:59 of 1st period - Francis Wathier is hit by Brandon Burlon and loses puck.
Goals for this period are 0 for Wild vs 0 for Bears.
Shots for this period are 4 for Wild vs 8 for Bears.

2nd period


0:01 of 2nd period - Tyler Brown wins face-off versus Mark Van Guilder in neutral zone.
0:16 of 2nd period - Snap shot by Stefan Matteau.
0:16 of 2nd period - Shot Blocked by Shane O'Brien.
0:18 of 2nd period - Wrist shot by Jeremy Langlois.
0:18 of 2nd period - Stopped by Jordan Binnington without a rebound.
0:19 of 2nd period - Tyler Brown wins face-off versus Mark Van Guilder in Wild zone.
0:20 of 2nd period - Slapshot by Jeremy Langlois.
0:20 of 2nd period - Shot Misses the Net.
1:06 of 2nd period - Snap shot by Justin Florek.
1:06 of 2nd period - Stopped by Jordan Binnington with a rebound.
1:08 of 2nd period - Snap shot by Justin Florek.
1:08 of 2nd period - Stopped by Jordan Binnington without a rebound.
1:09 of 2nd period - David Wolf wins face-off versus Justin Florek in Wild zone.
1:09 of 2nd period - David Wolf is hit by Patrick Holland.
1:18 of 2nd period - Minor Penalty to David Wolf for Cross-checking.
1:19 of 2nd period - Tyler Brown wins face-off versus Colin Stuart in Wild zone.
1:24 of 2nd period - Snap shot by Tyler Brown.
1:24 of 2nd period - Goal by Tyler Brown - Wild : 0 - Bears : 1.
1:25 of 2nd period - Jesse Root wins face-off versus David Wolf in neutral zone.
1:25 of 2nd period - Justin Florek and Shane O'Brien fight to a draw.
1:25 of 2nd period - Penalty to Justin Florek for Fighting.
1:25 of 2nd period - Penalty to Shane O'Brien for Fighting.
1:26 of 2nd period - Jesse Root wins face-off versus Mark Van Guilder in neutral zone.
1:51 of 2nd period - Patrick Holland is hit by Micheal Haley and loses puck.
2:21 of 2nd period - Philip Samuelsson is hit by Michael Keranen and loses puck.
2:42 of 2nd period - Tyler Brown is hit by David Wolf and loses puck.
2:55 of 2nd period - Slapshot by Steve Eminger.
2:55 of 2nd period - Stopped by Patrik Bartosak with a rebound.
2:56 of 2nd period - Matt Carkner and Jon Landry fight to a draw.
2:56 of 2nd period - Penalty to Matt Carkner for Fighting.
2:56 of 2nd period - Penalty to Jon Landry for Fighting.
2:57 of 2nd period - Mark Van Guilder wins face-off versus Jesse Root in Bears zone.
3:00 of 2nd period - Slapshot by Micheal Haley.
3:00 of 2nd period - Shot Misses the Net.
3:10 of 2nd period - Snap shot by Micheal Haley.
3:10 of 2nd period - Stopped by Patrik Bartosak with a rebound.
3:12 of 2nd period - Slapshot by Jani Hakanpaa.
3:12 of 2nd period - Shot Blocked by David Dziurzynski.
3:14 of 2nd period - Slapshot by Steve Eminger.
3:14 of 2nd period - Deflect By Colin Stuart.
3:14 of 2nd period - Shot Misses the Net.
3:14 of 2nd period - Puck is out of play.
3:15 of 2nd period - Jesse Root wins face-off versus Mark Van Guilder in Bears zone.
4:16 of 2nd period - Snap shot by Jeremy Langlois.
4:16 of 2nd period - Deflect By Tyler Brown.
4:16 of 2nd period - Stopped by Jordan Binnington with a rebound.
4:24 of 2nd period - Brandon Burlon is hit by David Wolf and loses puck.
4:39 of 2nd period - Andreas Athanasiou is hit by Alex Friesen and loses puck.
4:46 of 2nd period - Slapshot by Chris Summers.
4:46 of 2nd period - Deflect By Ben Youds.
4:46 of 2nd period - Stopped by Patrik Bartosak with a rebound.
4:48 of 2nd period - Backhand shot by Chris Summers.
4:48 of 2nd period - Deflect By Ben Youds.
4:48 of 2nd period - Stopped by Patrik Bartosak with a rebound.
4:50 of 2nd period - Wrist shot by Alex Friesen.
4:50 of 2nd period - Shot Misses the Net.
4:52 of 2nd period - Snap shot by Anthony Camara.
4:52 of 2nd period - Shot Misses the Net.
4:54 of 2nd period - Slapshot by Mike Moore.
4:54 of 2nd period - Deflect By Alex Friesen.
4:54 of 2nd period - Shot Hit the Post.
4:54 of 2nd period - Puck is out of play.
4:55 of 2nd period - Colin Stuart wins face-off versus Greg Miller in Bears zone.
5:03 of 2nd period - Minor Penalty to David Dziurzynski for Tripping.
5:04 of 2nd period - Mark Van Guilder wins face-off versus Stefan Matteau in Bears zone.
5:26 of 2nd period - Wrist shot by Stefan Matteau.
5:26 of 2nd period - Shot Hit the Post.
5:28 of 2nd period - Wrist shot by Philip Samuelsson.
5:28 of 2nd period - Stopped by Jordan Binnington with a rebound.
5:30 of 2nd period - Slapshot by Brandon Burlon.
5:30 of 2nd period - Stopped by Jordan Binnington with a rebound.
5:32 of 2nd period - Wrist shot by Philip Samuelsson.
5:32 of 2nd period - Shot Blocked by Chris Summers.
5:34 of 2nd period - Snap shot by Philip Samuelsson.
5:34 of 2nd period - Stopped by Jordan Binnington with a rebound.
5:36 of 2nd period - Slapshot by Philip Samuelsson.
5:36 of 2nd period - Shot Blocked by Chris Summers.
5:58 of 2nd period - Michael Keranen is hit by Brandon Burlon and loses puck.
6:19 of 2nd period - Wrist shot by Dan Catenacci.
6:19 of 2nd period - Shot Blocked by Brad Mills.
6:25 of 2nd period - Penalty to Justin Florek is over, Justin Florek is back on ice.
6:34 of 2nd period - Slapshot by Kyle Cumiskey.
6:34 of 2nd period - Shot Misses the Net.
7:03 of 2nd period - Penalty to David Dziurzynski is over, David Dziurzynski is back on ice.
7:10 of 2nd period - Off-side.
7:11 of 2nd period - Alex Friesen wins face-off versus Chris Bruton in neutral zone.
8:09 of 2nd period - Wrist shot by David Wolf.
8:09 of 2nd period - Shot Blocked by Patrick Holland.
8:11 of 2nd period - Slapshot by Jerome Leduc.
8:11 of 2nd period - Shot Misses the Net.
8:13 of 2nd period - Backhand shot by Jerome Leduc.
8:13 of 2nd period - Stopped by Patrik Bartosak with a rebound.
8:55 of 2nd period - Snap shot by David Dziurzynski.
8:55 of 2nd period - Deflect By Brad Mills.
8:55 of 2nd period - Shot Misses the Net.
8:55 of 2nd period - Puck is out of play.
8:56 of 2nd period - Alex Friesen wins face-off versus Tyler Brown in Wild zone.
8:56 of 2nd period - Alex Friesen is hit by Tyler Brown.
9:12 of 2nd period - Wrist shot by Jeremy Langlois.
9:12 of 2nd period - Stopped by Jordan Binnington with a rebound.
9:30 of 2nd period - Kyle Cumiskey is hit by Mark Van Guilder and loses puck.
9:57 of 2nd period - Snap shot by Chris Bruton.
9:57 of 2nd period - Deflect By Andreas Athanasiou.
9:57 of 2nd period - Stopped by Jordan Binnington without a rebound.
9:58 of 2nd period - Patrick Holland wins face-off versus Alex Friesen in Wild zone.
10:20 of 2nd period - Justin Florek is hit by Francis Wathier and loses puck.
11:00 of 2nd period - Greg Miller and Jani Hakanpaa fight to a draw.
11:00 of 2nd period - Penalty to Greg Miller for Fighting.
11:00 of 2nd period - Penalty to Jani Hakanpaa for Fighting.
11:01 of 2nd period - Andreas Athanasiou wins face-off versus Mark Van Guilder in Bears zone.
11:21 of 2nd period - Slapshot by Shane O'Brien.
11:21 of 2nd period - Stopped by Patrik Bartosak with a rebound.
11:23 of 2nd period - Slapshot by Chris Summers.
11:23 of 2nd period - Stopped by Patrik Bartosak without a rebound.
11:24 of 2nd period - Tyler Brown wins face-off versus David Wolf in Bears zone.
11:37 of 2nd period - Wrist shot by Jeremy Langlois.
11:37 of 2nd period - Shot Blocked by Mike Moore.
11:57 of 2nd period - Slapshot by Jeremy Langlois.
11:57 of 2nd period - Shot Blocked by Jerome Leduc.
11:59 of 2nd period - Slapshot by Tyler Brown.
11:59 of 2nd period - Shot Misses the Net.
12:01 of 2nd period - Wrist shot by Jeremy Langlois.
12:01 of 2nd period - Stopped by Jordan Binnington with a rebound.
12:11 of 2nd period - Patrick Holland is hit by Jerome Leduc and loses puck.
12:32 of 2nd period - Slapshot by Shane O'Brien.
12:32 of 2nd period - Shot Blocked by Justin Florek.
12:34 of 2nd period - Slapshot by Chris Summers.
12:34 of 2nd period - Stopped by Patrik Bartosak without a rebound.
12:35 of 2nd period - Andreas Athanasiou wins face-off versus Alex Friesen in Bears zone.
14:16 of 2nd period - Snap shot by Jeremy Langlois.
14:16 of 2nd period - Stopped by Jordan Binnington with a rebound.
14:33 of 2nd period - Minor Penalty to David Wolf for Tripping.
14:34 of 2nd period - Jesse Root wins face-off versus Colin Stuart in Wild zone.
15:13 of 2nd period - Wrist shot by Tyler Brown.
15:13 of 2nd period - Shot Misses the Net.
15:15 of 2nd period - Wrist shot by Tyler Brown.
15:15 of 2nd period - Shot Misses the Net.
15:17 of 2nd period - Backhand shot by Stefan Matteau.
15:17 of 2nd period - Shot Misses the Net.
15:19 of 2nd period - Slapshot by Kyle Cumiskey.
15:19 of 2nd period - Deflect By Colin Stuart.
15:19 of 2nd period - Stopped by Jordan Binnington with a rebound.
15:43 of 2nd period - Slapshot by Patrick Holland.
15:43 of 2nd period - Shot Misses the Net.
16:00 of 2nd period - Penalty to Jani Hakanpaa is over, Jani Hakanpaa is back on ice.
16:09 of 2nd period - Chris Summers is hit by Stefan Matteau and loses puck.
16:33 of 2nd period - Penalty to David Wolf is over, David Wolf is back on ice.
16:49 of 2nd period - Philip Samuelsson is hit by Chris Summers.
16:53 of 2nd period - Chris Summers is hit by Greg Miller and loses puck.
17:08 of 2nd period - Francis Wathier is hit by David Dziurzynski and loses puck.
17:17 of 2nd period - Wrist shot by Brad Mills.
17:17 of 2nd period - Shot Blocked by Jon Landry.
17:19 of 2nd period - Slapshot by Ben Youds.
17:19 of 2nd period - Shot Blocked by Steve Eminger.
17:35 of 2nd period - Slapshot by Ben Youds.
17:35 of 2nd period - Deflect By Andreas Athanasiou.
17:35 of 2nd period - Stopped by Jordan Binnington without a rebound.
17:36 of 2nd period - Chris Bruton wins face-off versus David Wolf in Wild zone.
17:56 of 2nd period - Snap shot by Matt Carkner.
17:56 of 2nd period - Shot Blocked by David Wolf.
17:58 of 2nd period - Wrist shot by Andreas Athanasiou.
17:58 of 2nd period - Shot Blocked by Dan Catenacci.
18:57 of 2nd period - Jon Landry is hit by Nathan McIver and loses puck.
19:44 of 2nd period - Wrist shot by Michael Keranen.
19:44 of 2nd period - Shot Misses the Net.
19:46 of 2nd period - Backhand shot by Michael Keranen.
19:46 of 2nd period - Stopped by Patrik Bartosak with a rebound.
19:58 of 2nd period - Wrist shot by Colin Stuart.
19:58 of 2nd period - Deflect By Micheal Haley.
19:58 of 2nd period - Shot Blocked by Justin Florek.
19:58 of 2nd period - Puck is out of play.
19:59 of 2nd period - Mark Van Guilder wins face-off versus Tyler Brown in Bears zone.
Goals for this period are 0 for Wild vs 1 for Bears.
Shots for this period are 9 for Wild vs 14 for Bears.

3rd period


0:01 of 3rd period - Tyler Brown wins face-off versus Mark Van Guilder in neutral zone.
1:03 of 3rd period - David Wolf is hit by Justin Florek.
1:10 of 3rd period - Jani Hakanpaa beats up Justin Florek.
1:10 of 3rd period - Penalty to Justin Florek for Fighting.
1:10 of 3rd period - Penalty to Jani Hakanpaa for Fighting.
1:11 of 3rd period - Brad Mills wins face-off versus Dan Catenacci in Bears zone.
1:11 of 3rd period - Brad Mills is hit by Dan Catenacci.
1:27 of 3rd period - Snap shot by Dan Catenacci.
1:27 of 3rd period - Shot Misses the Net.
1:29 of 3rd period - Slapshot by Chris Summers.
1:29 of 3rd period - Shot Misses the Net.
1:31 of 3rd period - Slapshot by Chris Summers.
1:31 of 3rd period - Stopped by Patrik Bartosak without a rebound.
1:32 of 3rd period - Mark Van Guilder wins face-off versus Jeremy Langlois in Bears zone.
2:08 of 3rd period - Wrist shot by Colin Stuart.
2:08 of 3rd period - Stopped by Patrik Bartosak with a rebound.
2:21 of 3rd period - Patrick Holland beats up Shane O'Brien.
2:21 of 3rd period - Penalty to Patrick Holland for Fighting.
2:21 of 3rd period - Penalty to Shane O'Brien for Fighting.
2:22 of 3rd period - David Wolf wins face-off versus Jesse Root in Bears zone.
2:43 of 3rd period - Snap shot by David Dziurzynski.
2:43 of 3rd period - Stopped by Jordan Binnington without a rebound.
2:44 of 3rd period - Tyler Brown wins face-off versus Mark Van Guilder in Wild zone.
2:57 of 3rd period - Snap shot by Jeremy Langlois.
2:57 of 3rd period - Shot Misses the Net.
3:02 of 3rd period - Off-side.
3:03 of 3rd period - Jeremy Langlois wins face-off versus Mark Van Guilder in neutral zone.
3:06 of 3rd period - Snap shot by Tyler Brown.
3:06 of 3rd period - Shot Misses the Net.
3:12 of 3rd period - Wrist shot by Colin Stuart.
3:12 of 3rd period - Stopped by Patrik Bartosak with a rebound.
3:14 of 3rd period - Slapshot by Chris Summers.
3:14 of 3rd period - Shot Misses the Net.
3:16 of 3rd period - Snap shot by Mike Moore.
3:16 of 3rd period - Stopped by Patrik Bartosak without a rebound.
3:17 of 3rd period - David Wolf wins face-off versus David Dziurzynski in Bears zone.
3:20 of 3rd period - Snap shot by Michael Keranen.
3:20 of 3rd period - Stopped by Patrik Bartosak with a rebound.
3:32 of 3rd period - Wrist shot by Dan Catenacci.
3:32 of 3rd period - Deflect By Michael Keranen.
3:32 of 3rd period - Shot Blocked by David Dziurzynski.
3:32 of 3rd period - Puck is out of play.
3:33 of 3rd period - David Wolf wins face-off versus Jesse Root in Bears zone.
3:49 of 3rd period - Jon Landry is hit by Jesse Root and loses puck.
3:54 of 3rd period - Slapshot by David Dziurzynski.
3:54 of 3rd period - Shot Blocked by Jon Landry.
3:56 of 3rd period - Slapshot by Andreas Athanasiou.
3:56 of 3rd period - Stopped by Jordan Binnington without a rebound.
3:57 of 3rd period - Tyler Brown wins face-off versus Mark Van Guilder in Wild zone.
4:50 of 3rd period - David Dziurzynski is hit by Francis Wathier and loses puck.
4:55 of 3rd period - Wrist shot by Alex Friesen.
4:55 of 3rd period - Stopped by Patrik Bartosak with a rebound.
4:57 of 3rd period - Snap shot by Jon Landry.
4:57 of 3rd period - Stopped by Patrik Bartosak with a rebound.
4:59 of 3rd period - Slapshot by Jon Landry.
4:59 of 3rd period - Shot Misses the Net.
5:01 of 3rd period - Snap shot by Francis Wathier.
5:01 of 3rd period - Shot Misses the Net.
5:13 of 3rd period - Snap shot by Alex Friesen.
5:13 of 3rd period - Shot Hit the Post.
5:15 of 3rd period - Wrist shot by Alex Friesen.
5:15 of 3rd period - Goal by Alex Friesen - Wild : 1 - Bears : 1.
5:16 of 3rd period - David Wolf wins face-off versus Jesse Root in neutral zone.
5:21 of 3rd period - Jesse Root is hit by Steve Eminger and loses puck.
5:40 of 3rd period - Snap shot by David Wolf.
5:40 of 3rd period - Deflect By Michael Keranen.
5:40 of 3rd period - Shot Misses the Net.
5:40 of 3rd period - Puck is out of play.
5:41 of 3rd period - Tyler Brown wins face-off versus Mark Van Guilder in Bears zone.
5:53 of 3rd period - Off-side.
5:54 of 3rd period - Tyler Brown wins face-off versus Mark Van Guilder in neutral zone.
6:01 of 3rd period - Slapshot by Chris Summers.
6:01 of 3rd period - Shot Misses the Net.
6:07 of 3rd period - Slapshot by Chris Summers.
6:07 of 3rd period - Stopped by Patrik Bartosak without a rebound.
6:08 of 3rd period - Greg Miller wins face-off versus David Wolf in Bears zone.
6:26 of 3rd period - Mike Moore beats up Greg Miller.
6:26 of 3rd period - Penalty to Greg Miller for Fighting.
6:26 of 3rd period - Penalty to Mike Moore for Fighting.
6:27 of 3rd period - Tyler Brown wins face-off versus Mark Van Guilder in Wild zone.
6:50 of 3rd period - Wrist shot by Tyler Brown.
6:50 of 3rd period - Shot Blocked by Colin Stuart.
6:52 of 3rd period - Snap shot by Brandon Burlon.
6:52 of 3rd period - Deflect By Jeremy Langlois.
6:52 of 3rd period - Stopped by Jordan Binnington without a rebound.
6:53 of 3rd period - Justin Florek wins face-off versus David Wolf in Wild zone.
7:45 of 3rd period - Snap shot by Colin Stuart.
7:45 of 3rd period - Stopped by Patrik Bartosak with a rebound.
7:47 of 3rd period - Snap shot by Chris Summers.
7:47 of 3rd period - Shot Misses the Net.
7:49 of 3rd period - Slapshot by Shane O'Brien.
7:49 of 3rd period - Stopped by Patrik Bartosak without a rebound.
7:50 of 3rd period - Colin Stuart wins face-off versus Chris Bruton in Bears zone.
8:02 of 3rd period - Minor Penalty to Cam Janssen for Tripping.
8:03 of 3rd period - Tyler Brown wins face-off versus Colin Stuart in Wild zone.
8:54 of 3rd period - Snap shot by Jesse Root.
8:54 of 3rd period - Shot Misses the Net.
8:56 of 3rd period - Slapshot by Jesse Root.
8:56 of 3rd period - Shot Blocked by Chris Summers.
8:58 of 3rd period - Slapshot by Kyle Cumiskey.
8:58 of 3rd period - Stopped by Jordan Binnington without a rebound.
8:59 of 3rd period - Jesse Root wins face-off versus Colin Stuart in Wild zone.
9:06 of 3rd period - Snap shot by Justin Florek.
9:06 of 3rd period - Shot Misses the Net.
9:08 of 3rd period - Slapshot by Kyle Cumiskey.
9:08 of 3rd period - Stopped by Jordan Binnington with a rebound.
9:10 of 3rd period - Snap shot by Justin Florek.
9:10 of 3rd period - Deflect By Jesse Root.
9:10 of 3rd period - Shot Misses the Net.
9:10 of 3rd period - Puck is out of play.
9:11 of 3rd period - Colin Stuart wins face-off versus Tyler Brown in Wild zone.
9:19 of 3rd period - Mark Van Guilder is hit by Stefan Matteau and loses puck.
10:02 of 3rd period - Penalty to Cam Janssen is over, Cam Janssen is back on ice.
10:27 of 3rd period - Slapshot by Jani Hakanpaa.
10:27 of 3rd period - Stopped by Patrik Bartosak with a rebound.
10:29 of 3rd period - Wrist shot by Alex Friesen.
10:29 of 3rd period - Shot Misses the Net.
10:31 of 3rd period - Slapshot by Jani Hakanpaa.
10:31 of 3rd period - Stopped by Patrik Bartosak with a rebound.
10:41 of 3rd period - Slapshot by Ben Youds.
10:41 of 3rd period - Stopped by Jordan Binnington without a rebound.
10:42 of 3rd period - David Wolf wins face-off versus Chris Bruton in Wild zone.
10:44 of 3rd period - Shane O'Brien beats up Brandon Burlon.
10:44 of 3rd period - Penalty to Brandon Burlon for Fighting.
10:44 of 3rd period - Penalty to Shane O'Brien for Fighting.
10:44 of 3rd period - Shane O'Brien is ejected from game.
10:44 of 3rd period - Penalty to Brandon Burlon for instigated a fight.
10:44 of 3rd period - Penalty to Brandon Burlon for instigated a fight.
10:45 of 3rd period - David Wolf wins face-off versus Stefan Matteau in neutral zone.
11:26 of 3rd period - Penalty to Greg Miller is over, Greg Miller is back on ice.
12:09 of 3rd period - Chris Summers is hit by Philip Samuelsson and loses puck.
12:22 of 3rd period - Jani Hakanpaa is hit by Nathan McIver and loses puck.
12:44 of 3rd period - Penalty to Brandon Burlon is over, Greg Miller is send on ice.
12:47 of 3rd period - Dan Catenacci is hit by Nathan McIver and loses puck.
13:30 of 3rd period - Eric Neilson is hit by Jon Landry and loses puck.
14:09 of 3rd period - Matt Carkner beats up Jani Hakanpaa.
14:09 of 3rd period - Penalty to Matt Carkner for Fighting.
14:09 of 3rd period - Penalty to Jani Hakanpaa for Fighting.
14:09 of 3rd period - Jani Hakanpaa is ejected from game.
14:10 of 3rd period - Greg Miller wins face-off versus Colin Stuart in Bears zone.
14:19 of 3rd period - Wrist shot by David Dziurzynski.
14:19 of 3rd period - Stopped by Jordan Binnington with a rebound.
14:20 of 3rd period - Mike Moore beats up Greg Miller.
14:20 of 3rd period - Penalty to Greg Miller for Fighting.
14:20 of 3rd period - Greg Miller is ejected from game.
14:20 of 3rd period - Penalty to Mike Moore for Fighting.
14:21 of 3rd period - Tyler Brown wins face-off versus David Wolf in Wild zone.
14:22 of 3rd period - Wrist shot by Jeremy Langlois.
14:22 of 3rd period - Stopped by Jordan Binnington with a rebound.
14:24 of 3rd period - Wrist shot by Jeremy Langlois.
14:24 of 3rd period - Stopped by Jordan Binnington with a rebound.
14:31 of 3rd period - Slapshot by Kyle Cumiskey.
14:31 of 3rd period - Deflect By Jeremy Langlois.
14:31 of 3rd period - Stopped by Jordan Binnington with a rebound.
14:33 of 3rd period - Slapshot by Ben Youds.
14:33 of 3rd period - Shot Misses the Net.
14:57 of 3rd period - Slapshot by Stefan Matteau.
14:57 of 3rd period - Stopped by Jordan Binnington with a rebound.
15:09 of 3rd period - Jerome Leduc is hit by Justin Florek and loses puck.
16:15 of 3rd period - Minor Penalty to Colin Stuart for Roughing.
16:16 of 3rd period - Tyler Brown wins face-off versus Alex Friesen in Wild zone.
16:53 of 3rd period - Jeremy Langlois is hit by Francis Wathier and loses puck.
17:41 of 3rd period - Backhand shot by Anthony Camara.
17:41 of 3rd period - Stopped by Patrik Bartosak without a rebound.
17:42 of 3rd period - Alex Friesen wins face-off versus Andreas Athanasiou in Bears zone.
17:48 of 3rd period - David Dziurzynski and Jon Landry fight to a draw.
17:48 of 3rd period - Penalty to David Dziurzynski for Fighting.
17:48 of 3rd period - Penalty to Jon Landry for Fighting.
17:49 of 3rd period - Mark Van Guilder wins face-off versus Jesse Root in Bears zone.
18:26 of 3rd period - Alex Friesen is hit by Jesse Root and loses puck.
18:48 of 3rd period - Stefan Matteau beats up Steve Eminger.
18:48 of 3rd period - Penalty to Stefan Matteau for Fighting.
18:48 of 3rd period - Penalty to Steve Eminger for Fighting.
18:49 of 3rd period - Tyler Brown wins face-off versus Anthony Camara in Bears zone.
19:23 of 3rd period - Icing by Andreas Athanasiou.
19:24 of 3rd period - Tyler Brown wins face-off versus David Wolf in Bears zone.
19:34 of 3rd period - Off-side.
19:35 of 3rd period - Dan Catenacci wins face-off versus Andreas Athanasiou in neutral zone.
19:39 of 3rd period - Snap shot by Dan Catenacci.
19:39 of 3rd period - Shot Misses the Net.
19:47 of 3rd period - Snap shot by David Wolf.
19:47 of 3rd period - Deflect By Michael Keranen.
19:47 of 3rd period - Stopped by Patrik Bartosak without a rebound.
19:48 of 3rd period - Andreas Athanasiou wins face-off versus Mark Van Guilder in Bears zone.
19:48 of 3rd period - Andreas Athanasiou is hit by Micheal Haley.
19:54 of 3rd period - Snap shot by Ben Youds.
19:54 of 3rd period - Stopped by Jordan Binnington without a rebound.
19:55 of 3rd period - Mark Van Guilder wins face-off versus Andreas Athanasiou in Wild zone.
Goals for this period are 1 for Wild vs 0 for Bears.
Shots for this period are 15 for Wild vs 12 for Bears.

Overtime #1


0:01 of 1st overtime period - Andreas Athanasiou wins face-off versus Colin Stuart in neutral zone.
0:04 of 1st overtime period - Snap shot by Andreas Athanasiou.
0:04 of 1st overtime period - Shot Misses the Net.
0:06 of 1st overtime period - Slapshot by Ben Youds.
0:06 of 1st overtime period - Shot Blocked by Chris Summers.
0:08 of 1st overtime period - Wrist shot by Andreas Athanasiou.
0:08 of 1st overtime period - Stopped by Jordan Binnington with a rebound.
0:10 of 1st overtime period - Snap shot by Justin Florek.
0:10 of 1st overtime period - Stopped by Jordan Binnington with a rebound.
0:12 of 1st overtime period - Slapshot by Philip Samuelsson.
0:12 of 1st overtime period - Stopped by Jordan Binnington with a rebound.
0:14 of 1st overtime period - Slapshot by Philip Samuelsson.
0:14 of 1st overtime period - Shot Blocked by Chris Summers.
0:16 of 1st overtime period - Slapshot by Philip Samuelsson.
0:16 of 1st overtime period - Shot Blocked by Chris Summers.
0:18 of 1st overtime period - Snap shot by Ben Youds.
0:18 of 1st overtime period - Deflect By Justin Florek.
0:18 of 1st overtime period - Stopped by Jordan Binnington with a rebound.
0:52 of 1st overtime period - Chris Summers is hit by Brad Mills and loses puck.
1:56 of 1st overtime period - Matt Carkner is hit by Francis Wathier and loses puck.
2:09 of 1st overtime period - Tyler Brown is hit by Jerome Leduc and loses puck.
2:34 of 1st overtime period - Matt Carkner is hit by Anthony Camara and loses puck.
2:48 of 1st overtime period - Penalty to David Dziurzynski is over, David Dziurzynski is back on ice.
2:48 of 1st overtime period - Penalty to Jon Landry is over, Jon Landry is back on ice.
3:35 of 1st overtime period - Micheal Haley is hit by Andreas Athanasiou and loses puck.
3:48 of 1st overtime period - Penalty to Stefan Matteau is over, Stefan Matteau is back on ice.
3:48 of 1st overtime period - Penalty to Steve Eminger is over, Steve Eminger is back on ice.
4:14 of 1st overtime period - Stefan Matteau is hit by David Wolf and loses puck.
4:33 of 1st overtime period - Wrist shot by Alex Friesen.
4:33 of 1st overtime period - Stopped by Patrik Bartosak without a rebound.
4:34 of 1st overtime period - Alex Friesen wins face-off versus Stefan Matteau in Bears zone.
4:55 of 1st overtime period - Snap shot by Alex Friesen.
4:55 of 1st overtime period - Shot Misses the Net.
4:57 of 1st overtime period - Slapshot by Francis Wathier.
4:57 of 1st overtime period - Deflect By Alex Friesen.
4:57 of 1st overtime period - Shot Blocked by Nathan McIver.
4:57 of 1st overtime period - Puck is out of play.
4:58 of 1st overtime period - Stefan Matteau wins face-off versus Mark Van Guilder in Bears zone.
Goals for this period are 0 for Wild vs 0 for Bears.
Shots for this period are 1 for Wild vs 4 for Bears.

ShootOut


5:00 of 1st overtime period - Penalty Shot by Colin Stuart for Wild.
5:00 of 1st overtime period - Wrist shot by Colin Stuart.
5:00 of 1st overtime period - Stopped by Patrik Bartosak.
5:00 of 1st overtime period - Penalty Shot by Stefan Matteau for Bears.
5:00 of 1st overtime period - Backhand shot by Stefan Matteau.
5:00 of 1st overtime period - Stopped by Jordan Binnington.
5:00 of 1st overtime period - Penalty Shot by Mark Van Guilder for Wild.
5:00 of 1st overtime period - Snap shot by Mark Van Guilder.
5:00 of 1st overtime period - Shot Misses the Net.
5:00 of 1st overtime period - Penalty Shot by Justin Florek for Bears.
5:00 of 1st overtime period - Deke by Justin Florek.
5:00 of 1st overtime period - Stopped by Jordan Binnington.
5:00 of 1st overtime period - Penalty Shot by Micheal Haley for Wild.
5:00 of 1st overtime period - Backhand shot by Micheal Haley.
5:00 of 1st overtime period - Goal by Micheal Haley.
5:00 of 1st overtime period - Penalty Shot by Jeremy Langlois for Bears.
5:00 of 1st overtime period - Snap shot by Jeremy Langlois.
5:00 of 1st overtime period - Stopped by Jordan Binnington.